AoeStats
← ITA | Raffy

African Clearing

504305470Analyzed
4v4 RM · 27d ago on Sep 4, 2026· 59m 50s· 8 players
Game mode
Random Map
Map size
Large (8 player)
Population
200
Speed
Normal
Resources
Standard
Victory
Conquest
Starting age
Dark Age
Ending age
Imperial Age
RankedLock teamsTeams togetherTeam positionsShared explorationLock speedFull tech treeHidden civsTurbo modeCheats
Victory
Defeat
🇺🇸 Ethiopians · United States
1332
+15
🇬🇧 Spanish · United Kingdom
1306
+17
🇬🇧 Cumans · United Kingdom
1303
+17
🇵🇪 Vietnamese · Peru
1297
+17
🇮🇹 Japanese · Italy
1369
-19
🇬🇵 Italians · Guadeloupe
1334
-17
🇩🇪 Bulgarians · Germany
1314
-16
🇺🇸 Huns · United States
1269
-14
SULIMAN
4:18 Loom
14:24 Feudal Age
15:43 Gold Mining
16:26 Stone Mining
19:12 Castle Age
17:05 Fletching
17:15 Padded Archer Armor
18:47 Town Watch
20:55 Stone Shaft Mining
20:09 Double-Bit Axe
20:50 Bodkin Arrow
21:47 Ballistics
23:20 Bow Saw
28:12 Murder Holes
33:28 Leather Archer Armor
35:50 Elite Skirmisher
37:47 Wheelbarrow
42:26 Imperial Age
41:46 Horse Collar
44:43 Chemistry
46:22 Silk Road
47:11 Bracer
48:06 Hand Cart
49:03 Ring Archer Armor
killerdonkeywithacapitalk
8:20 Loom
14:49 Feudal Age
21:09 Horse Collar
25:56 Forging
29:46 Castle Age
29:12 Double-Bit Axe
30:07 Stone Mining
30:09 Gold Mining
31:33 Scale Barding Armor
32:09 Gold Shaft Mining
31:55 Heavy Plow
33:27 Chain Barding Armor
33:43 Iron Casting
33:15 Marauders
33:34 Bloodlines
33:35 Husbandry
50:46 Imperial Age
52:51 Plate Barding Armor
53:27 Blast Furnace
53:34 Elite Tarkan
54:35 Conscription
55:18 Wheelbarrow
XstyleKinjaz
9:28 Loom
11:55 Feudal Age
17:01 Castle Age
15:57 Double-Bit Axe
17:52 Town Watch
18:44 Fletching
24:01 Bodkin Arrow
26:42 Horse Collar
27:50 Bow Saw
30:13 Scale Barding Armor
32:03 Chain Barding Armor
33:13 Wheelbarrow
32:41 Heavy Plow
33:20 Forging
34:13 Husbandry
40:16 Imperial Age
38:52 Iron Casting
39:20 Gold Mining
39:22 Stone Mining
39:52 Stirrups
41:20 Conscription
41:44 Plate Barding Armor
42:11 Blast Furnace
41:10 Elite Konnik
41:53 Scale Mail Armor
43:03 Bracer
43:29 Chain Mail Armor
49:07 Plate Mail Armor
49:43 Hand Cart
54:32 Pikeman
55:12 Squires
59:56 Coinage
60:10 Ballistics
60:51 Chemistry
ITA | Raffy
4:37 Loom
14:41 Feudal Age
15:57 Double-Bit Axe
18:51 Castle Age
17:07 Fletching
17:21 Gold Mining
19:43 Bodkin Arrow
30:04 Ballistics
30:16 Bloodlines
31:34 Husbandry
34:57 Wheelbarrow
35:30 Padded Archer Armor
39:02 Bow Saw
39:14 Thumb Ring
39:10 Horse Collar
39:52 Stone Mining
42:19 Hand Cart
45:36 Imperial Age
43:01 Treadmill Crane
43:28 Heavy Plow
46:31 Bracer
47:54 Parthian Tactics
46:52 Heavy Cavalry Archer
49:10 Leather Archer Armor
49:33 Pikeman
50:13 Squires
52:06 Conscription
54:11 Scale Mail Armor
54:22 Forging
53:35 Halberdier
55:45 Two-Man Saw
55:59 Chain Mail Armor
58:07 Plate Mail Armor
58:12 Iron Casting
yugiohcards7039
7:18 Loom
16:22 Feudal Age
17:40 Double-Bit Axe
20:07 Castle Age
19:00 Fletching
20:31 Crossbowman
21:52 Bodkin Arrow
24:55 Thumb Ring
37:48 Imperial Age
37:13 Ballistics
38:52 Conscription
38:15 Arbalester
48:18 Wheelbarrow
50:59 Bow Saw
55:00 Hand Cart
'The Glue'
9:28 Loom
12:23 Feudal Age
39:32 Castle Age
40:28 Wheelbarrow
39:51 Double-Bit Axe
41:01 Coinage
40:21 Horse Collar
46:48 Gold Mining
51:02 Bow Saw
51:17 Heavy Plow
51:56 Gold Shaft Mining
52:53 Stone Mining
56:28 Imperial Age
54:15 Hand Cart
53:46 Town Watch
54:21 Steppe Husbandry
55:21 Bloodlines
54:58 Light Cavalry
55:58 Scale Barding Armor
56:03 Forging
56:36 Cavalier
57:41 Chain Barding Armor
58:10 Iron Casting
57:59 Paladin
59:21 Plate Barding Armor
Jean-Claude de Footfoot
11:30 Loom
13:33 Feudal Age
15:27 Double-Bit Axe
18:05 Castle Age
16:51 Wheelbarrow
17:39 Town Watch
19:20 Bow Saw
18:51 Horse Collar
28:19 Heavy Plow
28:45 Padded Archer Armor
28:41 Gold Mining
30:46 Husbandry
32:19 Stone Mining
32:44 Bloodlines
34:07 Murder Holes
34:33 Ballistics
34:04 Fletching
34:30 Leather Archer Armor
37:54 Imperial Age
35:46 Bodkin Arrow
36:07 Hand Cart
38:33 Scale Barding Armor
38:38 Forging
39:45 Two-Man Saw
39:08 Elite Conquistador
41:12 Two-Man Saw
40:49 Stone Shaft Mining
41:28 Chain Barding Armor
41:43 Iron Casting
40:35 Cavalier
41:36 Conscription
42:57 Plate Barding Armor
43:00 Paladin
45:02 Blast Furnace
49:07 Coinage
49:08 Ring Archer Armor
48:49 Guilds
48:48 Devotion
51:23 Banking
52:15 Bracer
52:28 Masonry
54:03 Chemistry
55:32 Hoardings
57:36 Guard Tower
57:31 Arrowslits
58:17 Architecture
60:41 Keep
60:26 Bombard Tower
Maech_
7:12 Loom
10:44 Loom
13:46 Feudal Age
18:12 Castle Age
16:23 Fletching
17:02 Double-Bit Axe
17:16 Gold Mining
19:10 Bodkin Arrow
21:53 Padded Archer Armor
26:56 Town Watch
31:32 Wheelbarrow
35:14 Leather Archer Armor
36:52 Stone Mining
38:21 Scale Mail Armor
39:19 Stone Shaft Mining
39:12 Horse Collar
39:34 Squires
39:46 Arson
43:02 Imperial Age
42:16 Ballistics
42:33 Bow Saw
43:40 Chain Mail Armor
43:48 Bracer
45:04 Chemistry
44:42 Elite Rattan Archer
45:39 Forging
46:48 Thumb Ring
46:31 Elite Fire Lancer
49:44 Paper Money
50:16 Hoardings
49:46 Heavy Plow
51:07 Hand Cart
54:30 Siege Engineers
55:23 Murder Holes
56:10 Plate Mail Armor
56:18 Iron Casting
58:46 Ring Archer Armor
Connection lost

Rejoining the realm…

Still unreachable

The connection could not be restored.

Session expired

The server has moved on; the page needs a fresh start.